Map: Blackburn LE

Players

Throwfordays - Winner!

  • Race: Zerg Zerg
  • League: Silver

Chris

  • Race: Terran Terran
  • League: Silver

VOD

Have the link to the VOD?

Description

Time

  • Played on: Aug. 25, 2021, 10:55 p.m.
  • Length: 8:58
Show
View Real Time Build Order
Export as new Build Order

Throwfordays Zerg - Winner!

Build Orders: Hatch First 

Get SALT Encoding   

  12  0:01  Drone  
  13  0:09  Drone  
  14  0:17  Overlord  
  14  0:45  Hatchery, Drone  
  14  0:49  Drone  
  15  0:53  Drone  
  16  1:09  Spawning Pool  
  15  1:12  Drone  
  15  1:16  Drone  
  17  1:21  Extractor  
  16  1:30  Drone x2  
  18  1:43  Overlord  
  18  1:59  Queen  
  20  2:01  Zergling x2  
  20  2:03  Zergling x2  
  20  2:04  Zergling x2  
  20  2:05  Queen  
  25  2:11  Zergling x2  
  26  2:20  Extractor  
  26  2:21  Drone  
  26  2:22  Metabolic Boost  
  26  2:26  Drone  
  27  2:36  Drone  
  28  2:37  Drone  
  28  2:41  Drone x2  
  31  2:46  Overlord  
  30  3:04  Drone x2  
  32  3:21  Lair  
  32  3:23  Zergling x6  
  32  3:24  Zergling x6  
  38  3:31  Baneling Nest  
  38  3:33  Drone x3  
  40  3:51  Zergling x4  
  40  3:54  Drone x2  
  44  4:02  Overlord  
  44  4:18  Centrifical Hooks  
  44  4:20  Queen  
  44  4:22  Drone  
  47  4:25  Drone x4  
  47  4:28  Overlord x2  
  51  4:35  Baneling x4  
  51  4:36  Baneling x2  
  51  4:46  Zergling x2  
  51  4:47  Zergling x4  
  51  4:49  Zergling x2  
  51  4:50  Zergling x2  
  56  5:09  Baneling x7  
  56  5:10  Baneling x5  
  50  5:28  Zergling x8  
  48  5:29  Zergling x4  
  48  5:31  Zergling x8  
  50  6:08  Zergling x6  
  53  6:11  Zergling x2  
  53  6:12  Zergling x10  
  57  6:31  Baneling x6  
  57  6:35  Zergling x4  
  57  6:37  Zergling x4  
  61  6:41  Zergling x2  
  61  6:42  Zergling x4  
  61  6:44  Zergling x6  
  64  7:01  Baneling x3  
  64  7:02  Baneling x14  
  64  7:03  Baneling  
  64  7:09  Extractor, Drone  
  64  7:10  Drone x2  
  64  7:11  Drone  
  64  7:12  Drone  
  64  7:14  Overlord  
  68  7:20  Overlord x2  
  57  7:51  Baneling x11  
  57  7:55  Drone x3  
  57  7:58  Extractor, Zergling x6  
  61  8:04  Zergling x4  
  61  8:05  Zergling x8  
  68  8:21  Zergling x4  
  68  8:23  Baneling  
  68  8:24  Baneling x7  
  70  8:27  Zergling x4  
  70  8:28  Zergling x4  
Show
View Real Time Build Order
Export as new Build Order

Chris Terran 

Build Orders: 2 Factory 

Get SALT Encoding   

  12  0:01  SCV  
  13  0:16  Supply Depot  
  13  0:18  SCV  
  14  0:30  SCV  
  15  0:39  Barracks  
  15  0:43  SCV  
  15  0:47  Refinery  
  16  0:55  SCV  
  17  1:09  SCV  
  18  1:28  Marine  
  18  1:31  Command Center  
  18  1:32  SCV  
  20  1:45  SCV  
  21  1:49  Marine  
  22  1:56  Factory  
  22  1:58  SCV  
  23  2:08  Supply Depot  
  23  2:09  Barracks Tech Lab  
  23  2:29  SCV  
  24  2:32  Supply Depot  
  24  2:37  Refinery  
  24  2:42  Factory  
  24  2:43  Hellion  
  26  2:47  SCV  
  26  2:50  SCV  
  27  3:02  Marauder  
  26  3:13  Hellion  
  28  3:23  Marine  
  29  3:28  Barracks, Hellion  
  31  3:35  Hellion  
  33  3:45  SCV  
  34  3:48  SCV  
  35  3:57  SCV  
  35  4:00  SCV, Factory Reactor  
  35  4:01  Factory Tech Lab  
  37  4:06  Marine  
  37  4:08  Combat Shield  
  37  4:09  SCV  
  39  4:21  SCV  
  39  4:22  Barracks Reactor  
  40  4:26  Marine  
  41  4:33  Supply Depot, Starport, SCV  
  41  4:38  Hellion  
  44  4:41  Hellion  
  46  4:45  SCV  
  47  4:54  Hellion  
  47  4:57  SCV  
  47  4:59  Supply Depot  
  50  5:10  SCV  
  50  5:17  Marine  
  50  5:18  Marine, Marauder  
  40  6:05  Marine x2  
  40  6:06  Marauder  
  40  6:10  Siege Tank  
  51  6:11  Hellion x2  
  35  6:28  Marine x2  
  35  6:29  Marauder  
  39  6:38  Starport Reactor  
  39  6:40  Barracks  
  39  7:11  SCV  
  40  7:19  Marine x2, Marauder  
  44  7:23  SCV, Medivac x2  
  44  7:27  Siege Tank  
  44  7:29  Hellion x2  
  45  7:37  Marine  
  45  7:41  Marauder  
  44  7:44  Marine  
  43  7:54  Widow Mine x2  
  43  7:55  Marine  
  43  7:56  Marine  
  49  8:02  Marine, Marauder  
  52  8:12  Marine  
  52  8:14  SCV  
  54  8:20  Marine  
  54  8:24  Marauder  
  54  8:26  SCV  
  58  8:30  Marine  
  57  8:38  SCV  
  57  8:40  Marine  
Tags
 
Add a new tag
Caveats
  • Supply blocks, unpowered buildings, or Contaminate may cause inaccurate times.
  • Supply counts are checked every 10 seconds.